 Dungeon Crawl Stone Soup version 0.32-a0-886-g41c5271027 (webtiles) character file.

Game seed: 4647299773800039057

51 Heh the Trooper (level 3, -2/27 HPs)
             Began as an Octopode Fighter on Apr 3, 2024.
             Killed from afar by Natasha (10 damage)
             ... with a magic dart
             ... on level 2 of the Dungeon.
             The game lasted 00:01:03 (1014 turns).

Heh the Trooper (Octopode Fighter)                  Turns: 1014, Time: 00:01:04

Health: -2/27      AC:  1    Str: 15    XL:     3   Next: 83%
Magic:  3/3        EV: 12    Int: 10    God:
Gold:   66         SH:  4    Dex: 13    Spells: 2/2 levels left

rFire   . . .        a - +0 long sword
rCold   . . .        b - +0 buckler
rNeg    . . .        (helmet restricted)
rPois   .            (no amulet)
rElec   .            (no ring)
rCorr   .            (no ring)
SInv    .            (no ring)
Will    .....        (no ring)
Stlth   ++           (no ring)
HPRegen 0.24/turn    (no ring)
MPRegen 0.08/turn    (no ring)
                     (no ring)

%: no passive effects
@: no status effects
A: almost no armour, amphibious, 8 rings, camouflage 1, gelatinous body 1,
(nimble swimmer 1), tentacles
a: no special abilities


You were on level 2 of the Dungeon.
You visited 1 branch of the dungeon, and saw 2 of its levels.

You collected 66 gold pieces.

Inventory:

Hand Weapons
 a - a +0 long sword (weapon)
Armour
 b - a +0 buckler (worn)
Scrolls
 d - 4 scrolls of identify {unknown}
 e - a scroll of enchant armour {unknown}
 f - 2 scrolls of vulnerability {unknown}
 g - a scroll of fog {unknown}
 i - a scroll of fear {unknown}
 l - a scroll of torment {unknown}
Potions
 c - 2 potions of might
 h - a potion of enlightenment {unknown}
 j - a potion of haste {unknown}
 k - a potion of heal wounds {unknown}


   Skills:
 + Level 4.1 Fighting
 - Level 2.0 Long Blades
 + Level 3.6 Dodging
 - Level 3.0 Shields


You had 2 spell levels left.
You didn't know any spells.
Your spell library contained the following spells:

 Spells                   Type           Power      Damage    Failure   Level
 Apportation              Tloc           0%         N/A       45%         1
 Jinxbite                 Hex            0%         N/A       58%         2
 Alistair's Intoxication  Alch           0%         N/A       100%        5


Dungeon Overview and Level Annotations

Branches:
Dungeon (2/15)

Altars:

Annotations:
D:2 Natasha


Innate Abilities, Weirdness & Mutations

You cannot wear most types of armour.
You are amphibious.
You can wear up to eight rings at the same time.
Your skin changes colour to match your surroundings (Stealth+).
Your rubbery body absorbs attacks. (AC +1, EV +1)
((You are camouflaged when in or above water. (Stealth+)))
You have tentacles for arms and can constrict up to eight enemies at once.


Message History

A quokka comes into view.
A quokka is nearby!
A quokka is nearby!
An adder comes into view.
The adder hisses angrily.
The quokka bites you.
You barely miss the quokka. Your grab misses the quokka. The quokka bites you.
You hit the quokka.
You kill the quokka!
The adder barely misses you.
You closely miss the adder. You grab the adder. You squeeze the adder!
You kill the adder!
No target in view!
No target in view!
No target in view!
No target in view!
No target in view!
No target in view!
No target in view!
No target in view!
No target in view!
No target in view!
Found a stone staircase leading down.
Natasha and a kobold come into view.
There are monsters nearby!
The kobold shouts!
Natasha hisses angrily.
An adder comes into view.
Natasha claws you.
The adder hisses angrily.
You hit Natasha but do no damage. Your grab misses Natasha.
Natasha casts a spell at you. The magic dart hits you!
You barely miss Natasha. Your grab misses Natasha. Natasha claws you!
* * * LOW HITPOINT WARNING * * *
Natasha wildly gestures.
You feel disoriented. Natasha casts a spell at you. The magic dart hits you!
You die...
Natasha begins licking her fur clean.

....................#
###################.#
#.# #.# #.# #.# #.#
##########.#
....S..@..>#
......hK.#.#
.#......!#.#
#.......#.#
#.......#.#
#..........
#.......#.#
#########..


You could see Natasha, an adder and a kobold.

Vanquished Creatures
  An adder (D:2)
  A dart slug (D:1)
  An orc (D:2)
  5 bats
  An endoplasm (D:1)
  A giant cockroach (D:1)
  3 hobgoblins
  5 kobolds (D:1)
  A quokka (D:2)
  6 ball pythons
  2 frilled lizards (D:1)
  5 goblins
  8 rats
40 creatures vanquished.

Notes
Turn   | Place    | Note
-------+----------+-------------------------------------------
     0 | D:1      | Heh the Octopode Fighter began the quest for the Orb.
     0 | D:1      | Reached XP level 1. HP: 16/16 MP: 1/1
    54 | D:1      | Reached XP level 2. HP: 21/21 MP: 2/2
   384 | D:1      | Found a faded altar of an unknown god.
   413 | D:1      | Reached XP level 3. HP: 27/27 MP: 3/3
   816 | D:1      | Reached skill level 4 in Fighting
  1009 | D:2      | Noticed Natasha
  1014 | D:2      | Killed from afar by Natasha

Illustrated notes

Levels and vault maps discovered:
D:1:      giann_wishing_wells, layout_loops_ring, shapermc_ecumenical_altar_gd,
          kennysheep_crisscross, minmay_tromino_i4
D:2:      layout_basic, uniq_natasha

Skill      XL: |  1  2  3 |
---------------+----------+-----
Fighting       | 4 |  4.1
Long Blades    | |  2.0
Dodging        | |  3.6
Shields        | |  3.0

Action                     || total
---------------------------++-------
  Melee: Long sword        ||    65
         Constrict         ||    17
         Tentacles         ||     9
   Stab: Sleeping          ||     2
         Distracted        ||     1
 Armour: Skin              ||    31
  Dodge: Dodged            ||    39
  Block: Buckler           ||    18

Table legend: (Time is in decaauts)
 A = Elapsed time spent in this place.
 B = Non-inter-level travel time spent in this place.
 C = Inter-level travel time spent in this place.
 D = Time resting spent in this place.
 E = Time spent auto-exploring this place.
 F = Levels seen in this place.
 G = Mean time per level.
                   A        B        C        D        E       F      G
               +--------+--------+--------+--------+--------+-----+--------+
         Total |   1035 |    994 |     41 |      0 |    771 |   2 |  517.5 |
       Dungeon |   1035 |    994 |     41 |      0 |    771 |   2 |  517.5 |
               +--------+--------+--------+--------+--------+-----+--------+

Top non-repeatable levels by time:
     D:1: 875 daAuts
     D:2: 160 daAuts
